AoeStats
← Nachin

Arabian Desert

508585133Analyzed
1v1 RM · 10d ago on Sep 23, 2026· 31m 27s· 2 players
Game mode
Random Map
Map size
Tiny (2 player)
Population
200
Speed
Normal
Resources
Standard
Victory
Conquest
Starting age
Dark Age
Ending age
Imperial Age
RankedLock teamsTeams togetherTeam positionsShared explorationLock speedFull tech treeHidden civsTurbo modeCheats
Victory
Defeat
🇦🇷 Magyars · Argentina
1203
+17
🇺🇾 Varangians · Uruguay
1232
-17
Arthur Morgan
3:41 Loom
10:26 Feudal Age
13:16 Town Watch
17:06 Bloodlines
22:31 Scale Barding Armor
26:37 Castle Age
26:45 Light Cavalry
28:52 Husbandry
31:09 Chain Barding Armor
Nachin
3:20 Loom
10:45 Feudal Age
11:10 Horse Collar
11:17 Double-Bit Axe
12:36 Bloodlines
22:48 Scale Mail Armor
27:52 Forging
29:05 Wheelbarrow
32:50 Castle Age
Connection lost

Rejoining the realm…

Still unreachable

The connection could not be restored.

Session expired

The server has moved on; the page needs a fresh start.